 Dungeon Crawl Stone Soup version 0.30-b1-2-g02819fbbbe (webtiles) character file.

Game seed: 7758202377476993429

197561 raph the Peltast (level 18, -1/163 HPs)
             Began as a Minotaur Berserker on Oct 23, 2023.
             Was a High Priest of Trog.
             Hit by a silver javelin thrown by a merfolk javelineer (3 damage)
             ... on level 4 of the Shoals.
             The game lasted 00:54:48 (33930 turns).

raph the Peltast (Minotaur Berserker)              Turns: 33930, Time: 00:54:49

Health: -1/163     AC: 25    Str: 22    XL:     18   Next: 19%
Magic:  17/17      EV: 16    Int:  4    God:    Trog [*****.]
Gold:   1070       SH: 26    Dex: 24    Spells: 17/17 levels left

rFire   . . .        a - +3 double sword (freeze)
rCold   + + .        S - +3 tower shield
rNeg    . . .        s - +1 plate armour {rC+}
rPois   +            x - +2 hat
rElec   .            H - +0 cloak {rPois}
rCorr   .            h - +1 pair of gloves
SInv    .            Y - +0 pair of boots of Incorporation {rC+ Will+}
Will    ++++.        z - amulet of regeneration Stlth
                     v - +6 ring of dexterity
HPRegen 2.27/turn    r - ring of flight
MPRegen 0.15/turn

%: no passive effects
@: mighty, lethally poisoned (-1 -> -1), strong-willed, flying, regenerating,
studying Dodging
A: horns 2, retaliatory headbutt
a: Renounce Religion, Berserk, Trog's Hand, Brothers in Arms


You were on level 4 of the Shoals.
You worshipped Trog.
Trog was extremely pleased with you.
You visited 4 branches of the dungeon, and saw 26 of its levels.
You also visited: Ossuary, Bailey, Gauntlet and Ice Cave.

You collected 3717 gold pieces.
You spent 2647 gold pieces at shops.

Inventory:

Hand Weapons
 a - a +3 double sword of freezing (weapon)
 b - a +3 scimitar of flaming
 w - a +0 demon blade of venom
Missiles
 d - 2 curare-tipped darts
 e - 12 javelins
 p - 59 poisoned darts
 C - 6 boomerangs (quivered)
 K - 3 boomerangs of dispersal
Armour
 h - a +1 pair of gloves (worn)
 s - a +1 plate armour of cold resistance (worn)
 x - a +2 hat (worn)
 H - a +0 cloak of poison resistance (worn)
 L - the +2 pair of boots "Veazaf" {Contam rElec Str+8 Int-2}
   (You bought it in a shop on level 2 of the Shoals)

   Str:       It affects your strength (+8).
   Int:       It affects your intelligence (-2).
   rElec:     It insulates you from electricity.
   Contam:    It causes magical contamination when unequipped.
 S - a +3 tower shield (worn)
 Y - the +0 pair of boots of Incorporation (worn) {rC+ Will+}
   (You found it in an ice cave)

   rC:        It protects you from cold.
   Will:      It increases your willpower.
Jewellery
 r - a ring of flight (right hand)
 u - a +6 ring of strength
 v - a +6 ring of dexterity (left hand)
 z - an amulet of regeneration (around neck)
 W - a ring of protection from fire
Wands
 k - a wand of paralysis (13)
 t - a wand of roots (19)
 y - a wand of light (13)
 O - a wand of flame (44)
 Q - a wand of polymorph (1)
 T - a wand of digging (10)
 X - a wand of mindburst (39)
Scrolls
 j - 2 scrolls of fog
 n - a scroll of fear
 o - 7 scrolls of teleportation
 A - 9 scrolls of poison
 B - 14 scrolls of identify
 E - a scroll of magic mapping
 J - a scroll of immolation
 V - 3 scrolls of blinking
Potions
 c - a potion of berserk rage
 f - 8 potions of flight
 g - 3 potions of resistance
 i - 5 potions of mutation
 l - 13 potions of curing
 m - 7 potions of lignification
 q - 6 potions of heal wounds
 D - 3 potions of cancellation
 F - 4 potions of haste
 G - a potion of ambrosia
 M - 5 potions of might
 R - 4 potions of invisibility
Miscellaneous
 I - a box of beasts
 N - a phantom mirror
 P - a lightning rod (4/4)
 U - a condenser vane


   Skills:
 - Level 15.1 Fighting
 - Level 15.1 Long Blades
 - Level 12.2 Throwing
 - Level 14.7 Armour
 - Level 15.0 Dodging
 + Level 18.3 Shields
 - Level 9.9 Evocations


You had 17 spell levels left.
You didn't know any spells.
Your spell library was empty.

Dungeon Overview and Level Annotations

Branches:
Dungeon (15/15)            Temple (0/1) D:4            Lair (5/5) D:11
 Shoals (4/4) Lair:2       Spider (0/4) Lair:3        Slime (0/5) Lair:4
    Orc (2/2) D:12            Elf (0/3) Orc:2        Vaults (0/5) D:14
 Depths (0/4) D:15        Ossuary (visited)          Bailey (visited)
  IceCv (visited)         Gauntlet (visited)

Altars:
Dithmenos
Fedhas
Hepliaklqana
Sif Muna
Trog
Vehumet
Wu Jian
Xom
Yredelemnul
The Shining One
Jiyva

Shops:
D:9 *[   Orc:1 ?   Orc:2 (=:(   Shoals:2 [

Portals:
Trove: D:11 (give +4 fire dragon scales)

Annotations:
D:3 2 transporters
D:5 1 runed translucent door, KuroJack's ghost, novice DEFE
Lair:2 exclusion: 3 oklob plants
Lair:5 exclusion: oklob plant
Shoals:2 Ilsuiw


Innate Abilities, Weirdness & Mutations

You have a pair of horns on your head.
You reflexively headbutt those who attack you in melee.


Message History

The merfolk avatar is almost dead.
You feel very sick.
The merfolk avatar chants its luring song.
You block the sea snake's attack.
You block the merfolk javelineer's attack.
You hit the merfolk avatar. You freeze the merfolk avatar.
You are no longer entranced.
You kill the merfolk avatar!
Trog accepts your kill.
Trog appreciates your killing of a magic user.
You feel very sick.
You block the merfolk javelineer's attack.
The sea snake bites you!
The merfolk javelineer throws a silver javelin.
The silver javelin pierces through you. The sea snake attacks as you move away!
You block the sea snake's attack.
A merfolk comes into view. It is wielding a +0 halberd.
You feel very sick. You block the merfolk siren's attack.
You block the merfolk impaler's attack. The wind drake flaps its wings at you.
The air twists around and strikes you!
* * * LOW HITPOINT WARNING * * *
The merfolk javelineer throws a silver javelin.
The silver javelin pierces through you!
* * * LOW HITPOINT WARNING * * *
x2 The merfolk javelineer closely misses you.
The merfolk moves out of view.
You barely miss the merfolk javelineer.
You feel very sick. You block the sea snake's attack.
You block the merfolk siren's attack. You block the merfolk impaler's attack.
The wind drake flaps its wings at you. The air twists around and strikes you.
* * * LOW HITPOINT WARNING * * *
The merfolk impaler hits you from afar with a +0 trident.
* * * LOW HITPOINT WARNING * * *
The merfolk javelineer throws a silver javelin.
The silver javelin pierces through you!
* * * LOW HITPOINT WARNING * * *
You die...

,,,~~~~~~~......)m#~~##.....,,~~~
,,,~~~~~~~......).#####.....,,,~~
,,,,~~~~~........#).##.#....,,,,~
,,,,,,~~~.......#)m.≈..)#...,,,,,
,,,,,,,~~......~#.m#~#.##~..,,,,,
,,,,,,,~~......~##mm~.≈#**,,,,,,,
,,,,,,,,~....m.*##m#~#.~#*,,,,,,,
,,,,,,,,~.....k##S..≈...#~,,,,,,,
,,,,,,,,~.....mm@..###....,,~~~,,
~,,,,,**+##...mm..##**#...,,~~~~~
,,,,,**~~~##~~~...#~~,,...,,~~~~~
~,,,,*,~~~,#P~~~...,,,,,..,,~~~~~
,<,,<*,,,,,#~~≈~~...,,,,,,,,~~~~~
,,,,,*,,,,,#≈≈≈≈~....,,,,,,,,~~~~
,,,,,**,,,*#≈≈≈≈~.P...,,,,,,,~~~~
,,,,,,*****≈≈≈≈≈~~.....,,,,,,~,,*
~,,,,,,,,~~~~~~~~~~~~,~~,,,,~~,,*


You could see a merfolk impaler, 2 merfolk javelineers, a sea snake, a wind
drake (repels missiles), 3 merfolk, a merfolk siren and a water nymph.

Vanquished Creatures
  Nikola (Shoals:2)
  Rupert (D:14)
  A kraken (Shoals:2)
  Kirke (D:13)
  Polyphemus (Shoals:2)
  Frances (D:12)
  Roxanne (Shoals:2)
  3 reapers (IceCv)
  A caustic shrike skeleton (D:15)
  3 merfolk javelineers
  4 merfolk impalers
  An ettin (Orc:2)
  Snorg (Lair:3)
  A spectral kraken (Shoals:2)
  8 hydras
  5 vault guards
  A catoblepas (Shoals:2)
  3 ghost crabs (Shoals:2)
  A caustic shrike simulacrum (IceCv)
  3 merfolk avatars
  3 centaur warriors
  3 ogre magi
  4 boulder beetles
  18 two-headed ogres
  A death yak (Shoals:2)
  5 merfolk aquamancers
  A satyr (Shoals:2)
  A vampire mage (D:15)
  7 skeletal warriors (D:15)
  Amaemon (Lair:3)
  17 sea snakes
  7 skysharks
  2 deep trolls (Orc:2)
  Lodul (D:13)
  A bog body (IceCv)
  3 spriggan simulacra (IceCv)
  Pikel (D:8)
  18 harpies
  2 deep elf pyromancers
  An obsidian statue (IceCv)
  9 necromancers
  An orc knight (Orc:1)
  A tengu skeleton (D:15)
  8 ugly things
  4 cyclopes
  14 fauns
  17 manticores
  4 merfolk sirens
  16 elephants
  Maurice (D:13)
  6 black mambas
  A gargoyle (D:8)
  6 water nymphs
  2 torpor snails
  A demonic crawler (Lair:3)
  An elephant (shapeshifter) (D:14)
  3 orange demons
  A spectral sea snake (Shoals:2)
  2 unseen horrors
  2 kobold demonologists (D:9)
  12 cane toads
  A yaktaur (shapeshifter) (D:14)
  8 komodo dragons
  8 freezing wraiths
  2 efreet
  2 anaconda simulacra (IceCv)
  24 merfolk
  A wind drake (Shoals:3)
  3 ice devils (IceCv)
  2 polar bears
  12 trolls
  2 spectral manticores (Shoals:2)
  6 snapping turtles
  Prince Ribbit (Bailey)
  17 blink frogs
  A snapping turtle (shapeshifter) (D:14)
  14 dream sheep
  An ettin zombie (Orc:1)
  An ettin skeleton (Orc:1)
  7 water elementals
  A wraith (D:9)
  7 wyverns
  3 shadows
  A hog (D:13)
  A vampire (D:11)
  21 humans
  2 dire elephant simulacra (IceCv)
  62 yaks
  A fire bat (shapeshifter) (D:8)
  7 basilisks
  A tengu zombie (D:15)
  2 steam dragons
  3 minotaur simulacra (IceCv)
  2 vampire mosquitoes (D:13)
  2 wargs (Orc:1)
  Menkaure (D:6)
  A harpy simulacrum (IceCv)
  12 water moccasins
  20 orc warriors
  2 black bears
  A glowing shapeshifter skeleton (D:15)
  An ice beast (D:15)
  A black bear (shapeshifter) (D:14)
  35 ogres
  2 ettin simulacra (IceCv)
  10 wolves
  3 centaurs
  A phantom (D:5)
  4 kobold brigands
  An elf zombie (Ossuary)
  2 gnoll sergeants
  17 bullfrogs
  2 cyclops zombies (Orc:1)
  3 deep troll simulacra (IceCv)
  12 scorpions
  4 wights (D:9)
  A warg zombie (Orc:1)
  A cyclops skeleton (Orc:1)
  A troll zombie (Orc:1)
  8 killer bees
  3 electric eels
  9 howler monkeys
  2 jellies (D:5)
  3 hounds
  A human zombie (Ossuary)
  14 orc priests
  Crazy Yiuf (D:3)
  4 iguanas
  3 sleepcaps
  A warg simulacrum (Orc:1)
  Natasha (twice) (D:3)
  24 orc wizards
  Ijyb (D:5)
  4 mummies (Ossuary)
  Robin (D:3)
  9 gnolls
  3 orc zombies (Orc:1)
  5 adders
  2 orc skeletons (Orc:1)
  3 white imps
  2 ufetubi (D:5)
  An adder zombie (Ossuary)
  3 worms
  2 dart slugs
  97 orcs
  4 endoplasms (D:3)
  4 giant cockroaches
  4 gnoll zombies (Ossuary)
  20 goblins
  7 hobgoblins
  8 jackals
  5 quokkas
  10 ball pythons
  2 bats (D:2)
  A frilled lizard (D:1)
  2 jackal zombies (Ossuary)
  17 kobolds
  3 kobold zombies (Ossuary)
  4 rats (D:1)
  A spectral kobold (D:13)
918 creatures vanquished.

Vanquished Creatures (collateral kills)
  A merfolk impaler (Shoals:4)
  2 death yaks (Shoals:2)
  A sea snake (Shoals:2)
  A faun (Shoals:2)
  2 merfolk (Shoals:4)
7 creatures vanquished.

Vanquished Creatures (others)
  A merfolk impaler (Shoals:2)
  2 harpies (Shoals:2)
  A cyclops (D:13)
  A merfolk siren (Shoals:2)
  A merfolk (Shoals:2)
  A human (D:13)
  A centaur (D:15)
  25 fungi
  107 plants
  16 tentacles (Shoals:2)
  17 withered plants (Shoals:2)
173 creatures vanquished.

Grand Total: 1098 creatures vanquished

Notes
Turn   | Place    | Note
-------+----------+-------------------------------------------
     0 | D:1      | raph the Minotaur Berserker began the quest for the Orb.
     0 | D:1      | Reached XP level 1. HP: 19/19 MP: 0/0
   290 | D:1      | Reached XP level 2. HP: 26/26 MP: 1/1
  1177 | D:2      | Reached skill level 5 in Long Blades
  1265 | D:2      | Reached ** piety under Trog
  1313 | D:2      | Reached XP level 3. HP: 31/31 MP: 2/2
  1594 | D:2      | Found an ornate altar of the Wu Jian Council.
  2029 | D:3      | Found a runed translucent door.
  2030 | D:3      | Noticed Crazy Yiuf
  2036 | D:3      | Killed Crazy Yiuf
  2037 | D:3      | Reached XP level 4. HP: 39/39 MP: 3/3
  2103 | D:3      | Noticed a scorpion
  2108 | D:3      | Killed a scorpion
  2109 | D:3      | Reached XP level 5. HP: 45/45 MP: 4/4
  2481 | D:3      | Noticed Robin
  2495 | D:3      | Killed Robin
  2563 | D:3      | Found a transporter.
  2570 | D:3      | Found a transporter.
  2661 | D:3      | Noticed Natasha
  2667 | D:3      | Killed Natasha
  2762 | D:3      | Noticed Natasha
  2769 | D:3      | Killed Natasha
  3175 | D:4      | Reached XP level 6. HP: 43/51 MP: 5/5
  3317 | D:4      | Found an ornate altar of the Wu Jian Council.
  3562 | D:4      | Found a staircase to the Ecumenical Temple.
  3680 | D:4      | Found a shimmering blue altar of Sif Muna.
  4016 | D:5      | Entered Level 5 of the Dungeon
  4178 | D:5      | Identified the +5 morningstar "Lacertilianbane" {holy, Fly
                  | rF+ Will+ Dex-4}
  4215 | D:5      | Noticed Ijyb
  4224 | D:5      | Killed Ijyb
  4336 | D:5      | Found a glowing golden altar of the Shining One.
  4446 | D:5      | Reached XP level 7. HP: 57/57 MP: 6/6
  4446 | D:5      | Noticed a steam dragon
  4452 | D:5      | Killed a steam dragon
  4453 | D:5      | Reached skill level 10 in Long Blades
  4672 | D:5      | Found a runed translucent door.
  4672 | D:5      | Noticed KuroJack's ghost (novice DEFE)
  5371 | D:6      | Reached XP level 8. HP: 64/64 MP: 7/7
  5706 | D:6      | Noticed Menkaure
  5716 | D:6      | Killed Menkaure
  6242 | D:7      | Found a radiant altar of Vehumet.
  6530 | D:7      | Found a blossoming altar of Fedhas.
  6687 | D:7      | Found a flagged portal.
  6713 | Bailey   | Entered a bailey
  6816 | Bailey   | Reached skill level 1 in Throwing
  6816 | Bailey   | Reached XP level 9. HP: 54/71 MP: 8/8
  6908 | Bailey   | Reached *** piety under Trog
  7036 | Bailey   | Noticed Prince Ribbit
  7037 | Bailey   | Noticed a vault guard
  7052 | Bailey   | Killed a vault guard
  7053 | Bailey   | Reached skill level 5 in Fighting
  7057 | Bailey   | Killed Prince Ribbit
  7058 | Bailey   | Reached skill level 5 in Armour
  7146 | Bailey   | Noticed a vault guard
  7161 | Bailey   | Killed a vault guard
  7162 | Bailey   | Reached skill level 5 in Dodging
  7162 | Bailey   | Reached XP level 10. HP: 84/84 MP: 9/9
  7783 | D:8      | Noticed a centaur warrior
  7798 | D:8      | Killed a centaur warrior
  7802 | D:8      | Reached skill level 5 in Throwing
  7806 | D:8      | Noticed a green ugly thing
  7812 | D:8      | Found a sand-covered staircase.
  7915 | Ossuary  | Entered an ossuary
  8374 | D:8      | Identified the +3 flail of the Cursing Gods {flame, rElec
                  | rN+ Str+3 Dex-5}
  8447 | D:8      | Noticed a red ugly thing
  8465 | D:8      | Killed a red ugly thing
  8472 | D:8      | Killed a brown ugly thing
  8481 | D:8      | Noticed a gargoyle
  8574 | D:8      | Killed a gargoyle
  8689 | D:8      | Identified the staff of conjuration "Oreorut" {rElec Int+5}
  8727 | D:8      | Identified the staff of air "Riklunaf" {rElec rF+}
  8782 | D:8      | Noticed Pikel
  8788 | D:8      | Killed Pikel
  9237 | D:8      | Found a basalt altar of Yredelemnul.
  9434 | D:9      | Reached XP level 11. HP: 95/95 MP: 10/10
  9522 | D:9      | Reached skill level 1 in Shields
  9536 | D:9      | Reached **** piety under Trog
  9593 | D:9      | Found Wunkut's Armour Shoppe.
  9605 | D:9      | Bought a +0 pair of boots for 63 gold pieces
  9691 | D:9      | Found Enny's Gadget Gallery.
  9699 | D:9      | Bought a phantom mirror for 600 gold pieces
  9699 | D:9      | Bought a wand of flame (11) for 115 gold pieces
  9724 | D:9      | Found a shadowy altar of Dithmenos.
  9770 | D:9      | Identified the +1 robe of Autotheism {Int+3 Dex+5}
  9783 | D:9      | Noticed a sun demon
  9813 | D:9      | Noticed a sun demon
  9817 | D:9      | Reached skill level 2 in Shields
 10002 | D:9      | Reached skill level 1 in Evocations
 10217 | D:10     | Entered Level 10 of the Dungeon
 10323 | D:9      | Reached skill level 3 in Shields
 10965 | D:10     | You fall into a shaft and drop 3 floors!
 11016 | D:13     | Noticed a two-headed ogre
 11017 | D:13     | Noticed a two-headed ogre
 11023 | D:13     | Killed a two-headed ogre
 11024 | D:13     | Reached skill level 4 in Shields
 11029 | D:13     | Killed a two-headed ogre
 11078 | D:13     | Noticed Lodul
 11105 | D:13     | Killed Lodul
 11177 | D:13     | Found a gate leading to a gauntlet.
 11190 | Gauntlet | Entered a Gauntlet
 11190 | Gauntlet | Found a transporter.
 11193 | Gauntlet | Found a transporter.
 11193 | Gauntlet | Noticed a hell beast
 11205 | Gauntlet | Found a transporter.
 11209 | Gauntlet | Found a transporter.
 11221 | Gauntlet | Found a transporter.
 11239 | Gauntlet | Found a transporter.
 11242 | Gauntlet | Found a transporter.
 11246 | Gauntlet | Found a transporter.
 11265 | Gauntlet | Found a transporter.
 11268 | Gauntlet | Noticed a blizzard demon
 11282 | Gauntlet | Found a transporter.
 11286 | Gauntlet | Found a transporter.
 11294 | Gauntlet | Found a transporter.
 11351 | D:13     | Noticed a seven-headed hydra
 11368 | D:13     | Killed a 14-headed hydra
 11792 | D:12     | Reached XP level 12. HP: 106/106 MP: 11/11
 11859 | D:12     | Noticed a two-headed ogre
 11862 | D:12     | Killed a two-headed ogre
 11979 | D:12     | Reached skill level 5 in Shields
 12053 | D:12     | Found a staircase to the Orcish Mines.
 12722 | D:11     | Reached skill level 10 in Fighting
 12945 | D:11     | Noticed a two-headed ogre
 12951 | D:11     | Killed a two-headed ogre
 13796 | D:11     | Found a staircase to the Lair.
 13796 | D:11     | Noticed a two-headed ogre
 13809 | D:11     | Killed a two-headed ogre
 13890 | D:11     | Noticed a boulder beetle
 13910 | D:11     | Killed a boulder beetle
 13911 | D:11     | Reached skill level 10 in Armour
 13911 | D:11     | Reached skill level 6 in Shields
 14023 | D:11     | Found a portal to a secret trove of treasure.
 14376 | Lair:1   | Entered Level 1 of the Lair of Beasts
 15159 | Lair:1   | Reached skill level 5 in Evocations
 15511 | Lair:2   | Paralysed by a floating eye for 2 turns
 15620 | Lair:2   | Paralysed by a floating eye for 4 turns
 15652 | Lair:2   | Paralysed by a floating eye for 4 turns
 15661 | Lair:2   | Paralysed by a floating eye for 3 turns
 15666 | Lair:2   | Paralysed by a floating eye for 3 turns
 15669 | Lair:2   | Found a staircase to the Shoals.
 15754 | Lair:2   | Reached ***** piety under Trog
 15830 | Lair:2   | Reached XP level 13. HP: 115/115 MP: 12/12
 15929 | Lair:2   | Reached skill level 7 in Shields
 17166 | Lair:3   | Reached skill level 10 in Dodging
 17212 | Lair:3   | Noticed Snorg
 17228 | Lair:3   | Killed Snorg
 17303 | Lair:3   | Found a hole to the Spider Nest.
 17409 | Lair:3   | Received a gift from Trog
 17723 | Lair:3   | Reached skill level 8 in Shields
 17783 | Lair:3   | Noticed Amaemon
 17791 | Lair:3   | Killed Amaemon
 19246 | Lair:4   | Found a staircase to the Slime Pits.
 19289 | Lair:4   | Found a viscous altar of Jiyva.
 19502 | Lair:5   | Entered Level 5 of the Lair of Beasts
 19602 | Lair:4   | Reached XP level 14. HP: 126/126 MP: 13/13
 19955 | Lair:5   | Reached skill level 9 in Shields
 20121 | Lair:5   | Reached skill level 10 in Throwing
 20948 | Lair:5   | Identified the ring of Balance {Fly rPois rN+ Int+6 Stlth-}
 21659 | Orc:1    | Entered Level 1 of the Orcish Mines
 21833 | Orc:1    | HP: 6/127 [ettin skeleton[a necromancer] (16)]
 21833 | Orc:1    | HP: 2/127 [troll zombie[a necromancer] (4)]
 22198 | Orc:1    | You fall into a shaft and drop 1 floor!
 22198 | Orc:2    | Entered Level 2 of the Orcish Mines
 22313 | Orc:2    | Found a staircase to the Elven Halls.
 22578 | Orc:1    | Found Tahewuc's Magic Scroll Emporium.
 22588 | Orc:1    | Bought a scroll of acquirement for 728 gold pieces
 22677 | Orc:1    | Received a gift from Trog
 23408 | Orc:2    | Found Lavigune's Antique Weapon Shoppe.
 23434 | Orc:2    | Reached skill level 10 in Shields
 24167 | Orc:2    | Reached XP level 15. HP: 136/136 MP: 14/14
 24223 | Orc:2    | Found Goosi's Jewellery Shop.
 24224 | Orc:2    | Found Vyemut's Book Emporium.
 24227 | Orc:2    | Bought a glowing demon blade for 468 gold pieces
 24244 | Orc:2    | Found Kyiklyar's Antique Weapon Shoppe.
 24255 | Orc:2    | Acquired a manual of Dodging
 24264 | Orc:2    | Bought an amulet of regeneration for 360 gold pieces
 25222 | D:12     | Noticed Frances
 25236 | D:12     | Killed Frances
 25302 | D:13     | Noticed Maurice
 25325 | D:13     | Killed Maurice
 25667 | D:13     | Noticed Kirke
 25681 | D:13     | Killed Kirke
 25964 | D:13     | Found a hazy altar of Hepliaklqana.
 26093 | D:14     | Found a shimmering altar of Xom.
 26093 | D:14     | Found a shimmering altar of Xom.
 26094 | D:14     | Found a shimmering altar of Xom.
 26098 | D:14     | Found a shimmering altar of Xom.
 26585 | D:14     | Reached ****** piety under Trog
 26588 | D:14     | Reached skill level 11 in Shields
 26645 | D:14     | Reached skill level 12 in Shields
 26645 | D:14     | Reached XP level 16. HP: 141/141 MP: 15/15
 26729 | D:14     | Found a gate to the Vaults.
 26732 | D:14     | Received a gift from Trog
 26964 | D:14     | Found a bloodstained altar of Trog.
 27163 | D:14     | Noticed Rupert
 27176 | D:14     | Killed Rupert
 27177 | D:14     | Reached skill level 13 in Shields
 27384 | D:15     | Entered Level 15 of the Dungeon
 27493 | D:15     | Identified the +0 robe "Daymeq" {Int+4 Stlth+}
 27595 | D:15     | Found a staircase to the Depths.
 27808 | D:15     | Found a frozen archway.
 27818 | IceCv    | Entered an ice cave
 28348 | IceCv    | Identified the +0 pair of boots of Incorporation {rC+
                  | Will+}
 28531 | IceCv    | Received a gift from Trog
 28751 | IceCv    | Reached XP level 17. HP: 135/154 MP: 16/16
 29918 | Shoals:1 | Entered Level 1 of the Shoals
 30110 | Shoals:1 | Found the +10 morningstar "Eos" {elec, Halo rElec}
 30824 | Shoals:2 | Identified Roxanne's Parchment of Changing
 30824 | Shoals:2 | Noticed Roxanne
 30834 | Shoals:2 | Noticed Polyphemus
 30853 | Shoals:2 | Killed Roxanne
 30877 | Shoals:2 | Reached skill level 14 in Shields
 30900 | Shoals:2 | Killed Polyphemus
 30912 | Shoals:2 | HP: 7/154 [faun/sling bullet (2)]
 31143 | Shoals:1 | Reached skill level 15 in Fighting
 31199 | Shoals:2 | Reached skill level 15 in Long Blades
 31206 | Shoals:2 | Noticed Nikola
 31218 | Shoals:2 | Killed Nikola
 31291 | Shoals:2 | Reached skill level 15 in Dodging
 31515 | Shoals:2 | Reached skill level 15 in Shields
 31736 | Shoals:2 | Found Jiekihue's Antique Armour Shoppe.
 31745 | Shoals:2 | Bought a pair of heavily runed boots for 313 gold pieces
 31745 | Shoals:2 | Identified the +2 pair of boots "Veazaf" {Contam rElec
                  | Str+8 Int-2} (You bought it in a shop on level 2 of the
                  | Shoals)
 31793 | Shoals:2 | Noticed Ilsuiw
 31889 | Shoals:2 | Noticed a kraken
 31905 | Shoals:2 | Killed a kraken
 32561 | Shoals:3 | Reached skill level 16 in Shields
 33062 | Shoals:3 | Received a gift from Trog
 33117 | Shoals:3 | Reached skill level 17 in Shields
 33150 | Shoals:3 | Found a runed translucent door.
 33210 | Shoals:3 | Reached XP level 18. HP: 163/163 MP: 17/17
 33738 | Shoals:4 | Entered Level 4 of the Shoals
 33894 | Shoals:4 | Reached skill level 18 in Shields
 33930 | Shoals:4 | HP: 2/163 [merfolk javelineer/silver javelin (15)]
 33930 | Shoals:4 | Hit by a silver javelin thrown by a merfolk javelineer

Illustrated notes

Levels and vault maps discovered:
D:1:      nzn_arrival_settlement, layout_basic, serial_glass, glass_columns_b,
          glass_columns_b, kennysheep_pointless_box
D:2:      layout_basic, basic_altar
D:3:      gammafunk_wand_slinger, layout_basic, minivault_26,
          uniq_crazy_yiuf_cottage, uniq_robin, uniq_natasha
D:4:      layout_loops_ring, nicolae_wu_jian_immortal_techniques,
          mainiacjoe_overflow_surrounded_room, minmay_temple_entry_fiery,
          kennysheep_generic_room_7
D:5:      layout_cave_pods, tso_altar, gammafunk_ghost_grave,
          kennysheep_generic_room_11, uniq_ijyb
D:6:      layout_basic, hangedman_decor_clover_reticule, hellmonk_no_cap,
          uniq_menkaure
D:7:      layout_basic, mainiacjoe_overflow_tiny_flanked,
          mainiacjoe_overflow_24_doors, serial_corexii_hall,
          corexii_hall_statues_l, chequers_hall_statues_corner_a,
          enter_bailey_5, minivault_24, st_stairs_6, minmay_misc_feat_iff
D:8:      layout_loops_ring, kennysheep_mini, chequers_ossuary_entry_cave,
          special_room [special_room_orc], minmay_the_grid_2x2
          [minmay_the_grid_medium_cups, minmay_the_grid_spikes,
          minmay_the_grid_garden, minmay_the_grid_prize_four_corners_diamond_a],
          uniq_pikel
D:9:      layout_cross, nicolae_dithmenos_shadow_blocks, serial_shops,
          nicolae_shop_tiny_waterfront, minivault_1, nicolae_shop_gadgets
D:10:     layout_gridville, grunt_ministairs_2
D:11:     layout_loops_ring, david_lair_generic, enter_trove_6,
          grunt_ministairs_9, serial_bayou_lagoon_a
D:12:     layout_gridville, minmay_orc_entry_temple_small, uniq_frances
D:13:     layout_loops_ring, gauntlet_entry_generic, grunt_ministairs_13,
          nicolae_hepliaklqana_monster_ancestors, uniq_kirke, uniq_maurice,
          uniq_lodul
D:14:     layout_roguey, grunt_vaults_entry_tiered, bloody_trog,
          chequers_serial_rivers_micro_b, corexii_leaking_fountain,
          xom_redecorated, uniq_rupert
D:15:     gammafunk_depths_entry_grave, layout_basic, grunt_decor_cap,
          portal_ice_cave_entry_pillars_2, serial_ice, serial_ice_i,
          serial_ice_d, serial_ice_e, serial_ice_h, einodemon_barbed_minivault
Lair:1:   layout_gridlike
Lair:2:   layout_cave_pods, shoals_dummy_entry, disabler_island
Lair:3:   layout_roguey, nicolae_spider_entry_non_spiders, uniq_amaemon,
          uniq_snorg
Lair:4:   layout_cave_shapes, slime_entry_1
Lair:5:   gammafunk_lair_ancient_temple, layout_regular_city,
          grunt_megastairs_3, serial_bayou_shore_b, serial_bayou_shore_b
Shoals:1: layout_shoals
Shoals:2: cheibrodos_shoals_three_sisters, layout_shoals, serial_shops,
          nicolae_shop_overgrown_old_shop, nicolae_shoals_spectral_cove,
          uniq_roxanne, uniq_ilsuiw, uniq_nikola, uniq_polyphemus
Shoals:3: layout_shoals, lightli_airlock
Shoals:4: shoals_end_simple, layout_shoals, shoals_ilsuiw_ice
Orc:1:    dreamdust_under_siege, layout_caves, serial_shops, shop,
          library_closet
Orc:2:    st_orc_open, layout_caves

Skill      XL: |  1  2  3  4  5  6  7  8  9 10 11 12 13 14 15 16 17 18 |
---------------+-------------------------------------------------------+-----
Long Blades    | 4 5 6 7 8 9 11 14 15 | 15.1
Fighting       | 4 6 8 9 10 12 13 14 15 | 15.1
Throwing       | 1 4 6 7 8 9 10 11 12 | 12.2
Armour         | 3 5 7 9 10 11 12 13 14 | 14.7
Dodging        | 5 7 8 9 10 12 14 15 | 15.0
Shields        | 4 6 8 10 12 13 17 18 | 18.3
Evocations     | 3 5 6 8 9 |  9.9

Action                     |  1- 3 |  4- 6 |  7- 9 | 10-12 | 13-15 | 16-18 || total
---------------------------+-------+-------+-------+-------+-------+-------++-------
  Melee: Falchion          |    71 |   137 |   188 |   109 |       |       ||   505
         Headbutt          |    15 |    17 |    40 |   155 |   236 |   303 ||   766
         Punch             |     1 |       |       |       |       |       ||     1
         Long sword        |       |       |       |   338 |       |       ||   338
         Scimitar          |       |       |       |   206 |   655 |   178 ||  1039
         Demon blade       |       |       |       |       |   224 |   219 ||   443
         Double sword      |       |       |       |       |       |   585 ||   585
  Throw: Javelin           |       |       |     7 |    19 |    13 |       ||    39
         Boomerang         |       |       |    11 |    17 |   142 |    47 ||   217
         Dart              |       |       |       |     4 |     7 |       ||    11
 Invoke: Berserk           |     4 |     7 |    12 |    14 |    13 |    16 ||    66
         Trog's Hand       |       |       |     3 |    10 |     6 |     9 ||    28
         Brothers in Arms  |       |       |       |       |       |     3 ||     3
  Evoke: Wand              |       |       |       |     8 |       |       ||     8
         Lightning rod     |       |       |       |       |     4 |       ||     4
         Condenser vane    |       |       |       |       |       |     2 ||     2
         Box of beasts     |       |       |       |       |       |     1 ||     1
         Phantom mirror    |       |       |       |       |       |     1 ||     1
    Use: Scroll            |     8 |     8 |     4 |    13 |     7 |     9 ||    49
         Potion            |       |       |     3 |       |     4 |     4 ||    11
   Stab: Invisible         |       |       |       |     2 |       |       ||     2
         Fleeing           |       |       |       |       |       |     1 ||     1
 Armour: Animal skin       |    10 |       |       |       |       |       ||    10
         Chain mail        |    21 |    56 |       |       |       |       ||    77
         Ring mail         |       |     7 |    74 |       |       |       ||    81
         Plate armour      |       |       |       |   311 |   357 |   374 ||  1042
  Dodge: Dodged            |    28 |    42 |    81 |   299 |   483 |   424 ||  1357
  Block: Buckler           |       |    10 |    16 |   163 |   292 |       ||   481
         Tower shield      |       |       |       |       |    51 |  1373 ||  1424
